 Dungeon Crawl Stone Soup version 0.29-a0-557-g43b9904bd1 (webtiles) character file.

Game seed: 14286586250353132861

1180 siradein the Skirmisher (level 8, 0/76 HPs)
             Began as a Naga Fighter on June 8, 2022.
             Slain by Dowan
             ... wielding a +0 dagger
              (4 damage)
             ... on level 5 of the Dungeon.
             The game lasted 00:12:28 (4650 turns).

siradein the Skirmisher (Naga Fighter)              Turns: 4650, Time: 00:12:29

Health: 0/76       AC:  8    Str: 20      XL:     8   Next: 42%
Magic:  8/8        EV:  8    Int:  9      God:
Gold:   304        SH:  9    Dex:  9 (11) Spells: 7/7 levels left

rFire   . . .      SeeInvis +   a - +0 trident
rCold   . . .      Faith    .   c - +0 buckler
rNeg    . . .      Spirit   .   B - +2 leather armour {Will+}
rPois   +          Reflect  +   f - +0 helmet
rElec   .          Harm     .   (no cloak)
rCorr   .          Rampage  .   (no gloves)
Will    ++...                   (no barding)
Stlth   +.........              i - amulet of reflection
HPRegen 0.22/turn               (no ring)
MPRegen 0.11/turn               (no ring)

@: on berserk cooldown, slowed, very slow
A: AC +2, large, see invisible, deformed body, poison resistance, slowness 2,
spit poison 1, naga tail 1
a: Spit Poison


You were on level 5 of the Dungeon.
You visited 1 branch of the dungeon, and saw 5 of its levels.

You collected 304 gold pieces.

Inventory:

Hand Weapons
 a - a +0 trident (weapon)
Armour
 c - a +0 buckler (worn)
 f - a +0 helmet (worn)
 B - a +2 leather armour of willpower (worn)
Jewellery
 b - a ring of wizardry
 i - an amulet of reflection (around neck)
 k - an amulet of magic regeneration
 t - an amulet of the acrobat
Wands
 j - a wand of charming (8)
 v - a wand of flame (18)
 y - a wand of iceblast (11)
Scrolls
 e - 2 scrolls of vulnerability {unknown}
 l - 3 scrolls of immolation
 m - a scroll of blinking {unknown}
 n - 2 scrolls of amnesia {unknown}
 p - a scroll of brand weapon {unknown}
 r - a scroll of teleportation {unknown}
 u - 2 scrolls of magic mapping {unknown}
Potions
 d - a potion of might
 g - 3 potions of curing
 o - a potion of resistance
 q - a potion of attraction
 s - 2 potions of haste
 w - a potion of invisibility {unknown}
 x - 2 potions of mutation {unknown}
 z - 3 potions of heal wounds {unknown}
 A - a potion of magic {unknown}


   Skills:
 + Level 5.7 Fighting
 + Level 5.2 Polearms
 + Level 4.7 Armour
 + Level 5.2 Shields


You had 7 spell levels left.
You didn't know any spells.
Your spell library was empty.

Dungeon Overview and Level Annotations

Branches:
Dungeon (5/15)
 Temple: D:4-7

Altars:
Ashenzari
Dithmenos
Fedhas
Sif Muna

Shops:
D:4 (   D:5 *

Annotations:
D:4 2 runed translucent doors, Gelos's ghost, novice DjGl
D:5 Dowan


Innate Abilities, Weirdness & Mutations

Your serpentine skin is tough. (AC +2)
You have supernaturally acute eyesight. (SInv)
Armour fits poorly on your strangely shaped body.
Your system is resistant to poisons. (rPois)
You cover ground very slowly.
You can spit poison.
You have a snake-like lower body.


Message History

The yak is lightly wounded.
You block the yak's attack.
Unknown command.
Okay, then.
A red film seems to cover your vision as you go berserk!
You feel yourself moving faster!
You feel mighty! The yak gores you but does no damage.
You puncture the yak!
The yak is moderately wounded.
Dowan gestures wildly while chanting.
Dowan blinks!
The yak closely misses you.
You puncture the yak!
The yak is severely wounded.
You hit the yak.
The yak is almost dead.
The yak barely misses you.
You barely miss the yak.
The yak is almost dead.
You block the yak's attack.
You puncture the yak!
You kill the yak!
You feel your dexterity returning.
You puncture Dowan!
Dowan is heavily wounded.
Dowan barely misses you.
You puncture Dowan!
Dowan is almost dead.
Dowan mumbles some strange words.
Dowan blinks!
You feel a strong urge to attack something.
Dowan mumbles some strange words.
Dowan blinks!
Dowan says, "Magic will overcome all!"
Things that are here:
a +0 vampiric rapier; a +0 scale mail; the elf corpse of Duvessa You are no longer berserk.
You are exhausted.
You feel yourself slow down. Dowan hits you with a +0 dagger.
You die...

.l.e.##.##....#
#.......# #.# #.#
#e#####.#.#
#.........#
####.##.###
####...#.####
+....e.......
####.@...#### ...
##.#### ≈≈.... #)#
≈≈≈≈≈..## #.#
≈≈≈≈≈≈..### #.#
≈≈≈≈≈≈≈...# #.#
≈♣>.≈≈≈≈...# #.#
P..P.≈≈≈≈..#####.#
P♣_..≈≈≈≈.#......#


You could see Dowan (fast).

Vanquished Creatures
  A yak (D:5)
  Eustachio (D:5)
  Duvessa (D:5)
  An ogre (D:4)
  A black bear (D:5)
  A phantom (D:5)
  A necrophage (D:4)
  2 scorpions (D:4)
  A jelly (D:4)
  An orc priest (D:3)
  A hound (D:3)
  3 iguanas
  An orc wizard (D:3)
  Robin (D:2)
  5 adders
  4 gnolls (D:4)
  An ufetubus (D:5)
  A worm (D:4)
  2 dart slugs (D:3)
  5 orcs (D:3)
  A bat (D:1)
  6 endoplasms
  2 giant cockroaches (D:2)
  15 goblins
  9 hobgoblins
  4 jackals (D:3)
  9 kobolds
  2 quokkas
  6 ball pythons
  3 frilled lizards
  6 rats
98 creatures vanquished.

Vanquished Creatures (others)
  2 plants (D:5)
2 creatures vanquished.

Grand Total: 100 creatures vanquished

Notes
Turn   | Place    | Note
-------+----------+-------------------------------------------
     0 | D:1      | siradein the Naga Fighter began the quest for the Orb.
     0 | D:1      | Reached XP level 1. HP: 21/21 MP: 1/1
   180 | D:1      | Reached XP level 2. HP: 28/28 MP: 2/2
   707 | D:1      | Found a faded altar of an unknown god.
   929 | D:2      | Reached XP level 3. HP: 15/34 MP: 3/3
  1657 | D:2      | Reached XP level 4. HP: 38/42 MP: 4/4
  1870 | D:3      | Noticed Robin
  2052 | D:2      | Killed Robin
  2290 | D:3      | Reached XP level 5. HP: 41/50 MP: 5/5
  2714 | D:3      | Found a broken altar of Ashenzari.
  2846 | D:4      | Reached XP level 6. HP: 57/57 MP: 6/6
  2893 | D:4      | Found Dihynkulyf's Antique Weapon Shop.
  3101 | D:4      | Found a runed translucent door.
  3101 | D:4      | Noticed Gelos's ghost (novice DjGl)
  3156 | D:4      | Reached XP level 7. HP: 60/66 MP: 7/7
  3502 | D:4      | Found a shimmering blue altar of Sif Muna.
  3691 | D:4      | Found a runed translucent door.
  3812 | D:5      | Entered Level 5 of the Dungeon
  4097 | D:5      | Found a shadowy altar of Dithmenos.
  4113 | D:5      | Reached skill level 5 in Fighting
  4163 | D:5      | Noticed Eustachio
  4209 | D:5      | Killed Eustachio
  4516 | D:5      | Found a blossoming altar of Fedhas.
  4531 | D:5      | Reached XP level 8. HP: 71/74 MP: 8/8
  4581 | D:5      | Found Ephuril's Assorted Antiques.
  4583 | D:5      | Noticed Duvessa
  4583 | D:5      | Noticed a yak
  4583 | D:5      | Noticed Dowan
  4623 | D:5      | Killed Duvessa
  4624 | D:5      | Reached skill level 5 in Polearms
  4624 | D:5      | Reached skill level 5 in Shields
  4637 | D:5      | HP: 2/75 [yak (9)]
  4644 | D:5      | Killed a yak
  4650 | D:5      | Slain by Dowan

Illustrated notes

Levels and vault maps discovered:
D:1:      dpeg_arrival_houses_and_road, layout_loops_ring,
          shapermc_ecumenical_altar_acropolis, corner_web_ring,
          serial_bayou_crossing
D:2:      layout_basic, hangedman_decor_growths
D:3:      layout_rooms, ashenzari_conservatory_becter, uniq_robin
D:4:      layout_loops_ring, lemuel_coloured_pillars_altar,
          ebering_ghost_sewer_f, serial_shops, shop
D:5:      layout_loops_corners, fedhas_ov_isle_minmay, grunt_dithmenos_shadows,
          serial_shops, shop, uniq_eustachio, uniq_duvessa

Skill      XL: |  1  2  3  4  5  6  7  8 |
---------------+-------------------------+-----
Shields        | 3 4 5 |  5.2
Armour         | 3 4 |  4.7
Polearms       | 3 4 5 |  5.2
Fighting       | 4 5 |  5.7

Action                   |  1- 3 |  4- 6 |  7- 9 || total
-------------------------+-------+-------+-------++-------
Melee: Trident           |    45 |   146 |   128 ||   319
 Abil: Spit Poison       |    24 |    30 |    15 ||    69
  Use: Scroll            |       |     5 |       ||     5
       Potion            |       |       |     1 ||     1
Armor: Scale mail        |     1 |       |       ||     1
       Chain mail        |    10 |    60 |    53 ||   123
       Leather armour    |       |       |     8 ||     8
Dodge: Dodged            |    11 |    20 |    34 ||    65
Block: Buckler           |    18 |    54 |    68 ||   140
       Reflection        |     1 |     3 |     1 ||     5

Table legend: (Time is in decaauts)
 A = Elapsed time spent in this place.
 B = Non-inter-level travel time spent in this place.
 C = Inter-level travel time spent in this place.
 D = Time resting spent in this place.
 E = Time spent auto-exploring this place.
 F = Levels seen in this place.
 G = Mean time per level.
                   A        B        C        D        E       F      G
               +--------+--------+--------+--------+--------+-----+--------+
         Total |   5781 |   5660 |    121 |    713 |   4054 |   5 | 1156.2 |
       Dungeon |   5781 |   5660 |    121 |    713 |   4054 |   5 | 1156.2 |
               +--------+--------+--------+--------+--------+-----+--------+

Top non-repeatable levels by time:
     D:2: 1647 daAuts
     D:4: 1500 daAuts
     D:1: 1081 daAuts
     D:3: 872 daAuts
     D:5: 679 daAuts
